 Dungeon Crawl Stone Soup version 0.27.0-1-g7a089689b8 (webtiles) character file.

Game seed: 9418099971782954861

1473 RepoMan the Cleaver (level 8, 30/68 HPs)
             Began as a Deep Dwarf Fighter on Aug 17, 2021.
             Got out of the dungeon alive.
             The game lasted 00:32:12 (4906 turns).

RepoMan the Cleaver (Deep Dwarf Fighter)            Turns: 4906, Time: 00:32:12

Health: 30/68      AC:  9    Str: 21    XL:     8   Next: 49%
Magic:  5/5        EV:  6    Int: 10    God:
Gold:   288        SH: 10    Dex: 12    Spells: 7/7 levels left

rFire    . . .     SeeInvis .   k - +0 hunting sling
rCold    . . .     Faith    .   c - +0 kite shield
rNeg     . . .     Spirit   .   g - +0 chain mail
rPois    .         Reflect  .   (no helmet)
rElec    .         Harm     .   (no cloak)
rCorr    .         Rampage  .   (no gloves)
Will     +....                  (no boots)
Stlth    ..........             b - amulet of the acrobat
HPRegen  0.00/turn              (no ring)
MPRegen  0.09/turn              (no ring)

@: no status effects
A: damage resistance, heal wounds, sense surroundings 1, no regeneration
a: Heal Wounds


You escaped.
You visited 2 branches of the dungeon, and saw 7 of its levels.

You collected 288 gold pieces.

Inventory:

Hand Weapons
 a - a +0 war axe
 k - a +0 hunting sling (weapon)
Missiles
 d - 10 sling bullets (quivered ammo)
Armour
 c - a +0 kite shield (worn)
 g - a +0 chain mail (worn)
Jewellery
 b - an amulet of the acrobat (around neck)
 f - a ring of positive energy
Wands
 o - a wand of flame (14)
Scrolls
 e - 2 scrolls of teleportation
 j - a scroll of blinking
 n - a scroll of immolation {unknown}
 p - 2 scrolls of fear {unknown}
 q - 2 scrolls of identify
 r - 2 scrolls of acquirement {unknown}
 s - a scroll of fog
Potions
 h - a potion of lignification {unknown}
 i - 3 potions of flight {unknown}
 l - a potion of curing {unknown}
 m - a potion of haste
 t - a potion of attraction {unknown}


   Skills:
 - Level 2.6 Fighting
 * Level 10.1 Axes
 - Level 3.2 Armour
 + Level 6.9 Shields


You had 7 spell levels left.
You didn't know any spells.
Your spell library contained the following spells:

 Spells                   Type           Power      Damage    Failure   Level
 Apportation              Tloc           0%         N/A       100%        1
 Beastly Appendage        Tmut           0%         N/A       100%        1
 Corona                   Hex            0%         N/A       100%        1
 Sandblast                Erth           0%         2d4       100%        1
 Ensorcelled Hibernation  Hex/Ice        0%         N/A       100%        2
 Passwall                 Tmut/Erth      0%         N/A       100%        2
 Wereblood                Tmut           0%         N/A       100%        2
 Inner Flame              Hex/Fire       0%         N/A       100%        3
 Spider Form              Tmut/Pois      0%         N/A       100%        3
 Tukima's Dance           Hex            0%         N/A       100%        3
 Cause Fear               Hex            0%         N/A       100%        4
 Alistair's Intoxication  Tmut/Pois      0%         N/A       100%        5
 Lee's Rapid Deconstruct  Erth           0%         3d5*      100%        5
 Invisibility             Hex            0%         N/A       100%        6
 Discord                  Hex            0%         N/A       100%        8


Dungeon Overview and Level Annotations

Branches:
Dungeon (6/15)             Temple (1/1) D:6

Altars:
Ashenzari
Cheibriados
Dithmenos
Elyvilon
Fedhas
Gozag
Kikubaaqudgha
Nemelex Xobeh
Okawaru
Qazlal
Ru
Trog
Uskayaw
Wu Jian
Xom
Yredelemnul
Zin
The Shining One

Annotations:
D:5 3 runed translucent doors, Descartes's ghost, weakling SpDe; anet's ghost, weakling GnDe


Innate Abilities, Weirdness & Mutations

You are resistant to damage.
You can heal yourself by infusing magical energy.
You passively map a small area around you.
You do not regenerate.


Message History

There is a sacrificial altar of Ru here.
You kneel at the altar of Ru.
Found a stormy altar of Qazlal.
Found a sparkling altar of Nemelex Xobeh.
Found a broken altar of Ashenzari and a blossoming altar of Fedhas.
There is an open gate here.
(D) Dungeon (T) Temple
Where to? (Enter - D:5 @ (x,y), ? - help)
What level of the Dungeon? (default 6, ? - help)
There is a staircase back to the Dungeon here.
You climb upwards.
Welcome back to the Dungeon!
There is a staircase to the Ecumenical Temple here.
There is an open door here.
There is an open door here.
There is a stone staircase leading up here.
You climb upwards.
Level annotation: 3 runed translucent doors, Descartes's ghost, weakling SpDe; anet's ghost, weakling GnDe
There is a stone staircase leading down here.
There is a stone staircase leading up here.
You climb upwards.
There is a stone staircase leading down here.
You see here a +0 leather armour.
There is a stone staircase leading up here.
You climb upwards.
There is a stone staircase leading down, spattered with blood here.
Things that are here:
4 stones; a +0 short sword You see here a +0 dagger.
You see here a +0 whip.
There is a stone staircase leading up here.
You climb upwards.
There is a stone staircase leading down here.
You open the door.
There is an open door here.
There is a stone staircase leading up here.
You climb upwards.
There is a stone staircase leading down here.
There is a staircase leading out of the dungeon here.
Are you sure you want to leave the Dungeon?
This will make you lose the game!
You have escaped!

..................#
..................#
..................#
..................#
.................## ####
#................######..#
...........#####........≈#
######.##....##.........≈#
#.###.#....@#.....≈≈# #
#.###.###..##...≈≈≈≈#
######..##.##......≈≈≈≈≈≈#
.................≈≈≈≈≈≈≈≈#
########........≈≈≈≈≈≈≈≈≈#
#####...≈≈≈≈≈≈≈≈≈≈#
#..[≈≈≈≈≈≈≈≈≈≈#
#..≈≈≈≈≈≈≈≈≈≈≈#
#..≈≈≈≈≈≈≈≈≈≈≈#


There were no monsters in sight!

Vanquished Creatures
  Sigmund (D:5)
  A sky beast (D:6)
  A hornet zombie (D:4)
  An ogre (D:4)
  A centaur (D:6)
  A phantom (D:5)
  2 scorpions
  3 vampire bats (D:4)
  An electric eel (D:6)
  2 hounds (D:5)
  2 orc priests (D:4)
  Natasha (thrice) (D:3)
  3 iguanas
  A scorpion zombie (D:5)
  An orc wizard (D:3)
  9 gnolls
  8 adders
  An ufetubus (D:4)
  An adder skeleton (D:4)
  3 worms
  3 dart slugs
  13 orcs
  5 ball pythons
  2 bat skeletons (D:4)
  2 bat zombies (D:4)
  12 endoplasms
  4 giant cockroaches
  11 goblins
  5 hobgoblins
  6 jackals
  2 quokkas (D:1)
  4 bats
  A frilled lizard (D:1)
  13 kobolds
  A rat (D:3)
130 creatures vanquished.

Notes
Turn   | Place    | Note
-------+----------+-------------------------------------------
     0 | D:1      | RepoMan the Deep Dwarf Fighter began the quest for the Orb.
     0 | D:1      | Reached XP level 1. HP: 20/20 MP: 1/1
    90 | D:1      | Reached skill level 3 in Axes
    90 | D:1      | Reached XP level 2. HP: 24/27 MP: 2/2
   222 | D:1      | Found a faded altar of an unknown god.
   353 | D:1      | Reached XP level 3. HP: 23/33 MP: 3/3
   374 | D:1      | Reached skill level 4 in Axes
   607 | D:1      | Found a stormy altar of Qazlal.
   950 | D:2      | Reached XP level 4. HP: 22/40 MP: 4/4
  1034 | D:2      | Reached skill level 5 in Axes
  1577 | D:2      | Reached XP level 5. HP: 18/46 MP: 5/5
  1725 | D:3      | Noticed Natasha
  1768 | D:3      | Killed Natasha
  1891 | D:3      | Reached skill level 6 in Axes
  1916 | D:3      | Found a basalt altar of Yredelemnul.
  1939 | D:3      | Noticed Natasha
  1943 | D:3      | Killed Natasha
  2104 | D:3      | Reached XP level 6. HP: 31/55 MP: 6/6
  2152 | D:3      | Noticed Natasha
  2161 | D:3      | Killed Natasha
  2185 | D:3      | Found a shadowy altar of Dithmenos.
  2662 | D:4      | Reached skill level 7 in Axes
  2664 | D:4      | Reached skill level 5 in Shields
  2664 | D:4      | Reached XP level 7. HP: 38/61 MP: 6/6
  2779 | D:4      | Found a white marble altar of Elyvilon.
  2852 | D:4      | Found a shimmering altar of Xom.
  2926 | D:4      | Found an opulent altar of Gozag.
  3037 | D:4      | Found an ornate altar of the Wu Jian Council.
  3075 | D:4      | Reached skill level 8 in Axes
  3211 | D:4      | Found an ancient bone altar of Kikubaaqudgha.
  3387 | D:5      | Entered Level 5 of the Dungeon
  3478 | D:5      | Noticed Sigmund
  3485 | D:5      | Killed Sigmund
  3486 | D:5      | Reached skill level 9 in Axes
  3486 | D:5      | Reached XP level 8. HP: 34/68 MP: 7/7
  3537 | D:5      | Found a runed translucent gate.
  3537 | D:5      | Found a runed translucent gate.
  3537 | D:5      | Found a runed translucent gate.
  3769 | D:5      | Noticed anet's ghost (weakling GnDe)
  3769 | D:5      | Noticed Descartes's ghost (weakling SpDe)
  3976 | D:5      | Noticed a +0 dagger
  3976 | D:5      | Noticed a +0 hand axe
  3991 | D:5      | Found a hide-covered altar of Uskayaw.
  4637 | D:6      | Reached skill level 10 in Axes
  4683 | D:6      | Found a staircase to the Ecumenical Temple.
  4691 | Temple   | Entered the Ecumenical Temple
  4906 | D:$      | Got out of the dungeon alive.

Illustrated notes

Levels and vault maps discovered:
D:1:      dpeg_arrival_water_altar, layout_rooms,
          hellmonk_ecumenical_altar_heavens_door, st_stairs_10,
          minmay_three_crescents
D:2:      layout_basic
D:3:      cheibrodos_old_hovel, layout_loops_ring, lemuel_round_altar,
          nicolae_dithmenos_through_a_glass_darkly, mrwooster_statue_mirror,
          uniq_natasha
D:4:      layout_loops_ring, lemuel_round_altar, amcnicky_altar_gilded,
          mainiacjoe_overflow_alcove_4, kennysheep_vampire_church,
          overflow_temple_1_default
D:5:      layout_basic, dancing_weapons_uskayaw, gammafunk_ghost_cemetery,
          uniq_sigmund
D:6:      layout_loops_corners, lemuel_crystal_altar, vehumet_crystals,
          minmay_temple_entry_glassed_door, hangedman_decor_peaks_small,
          serial_bayou_ford_a
Temple:   cyrus_temple_forest

Skill      XL: |  1  2  3  4  5  6  7  8 |
---------------+-------------------------+-----
Axes           | 3 4 5 6 7 9 10 | 10.1
Shields        | 4 5 6 |  6.9
Fighting       | |  2.6
Armour         | |  3.2

Action                   |  1- 3 |  4- 6 |  7- 9 || total
-------------------------+-------+-------+-------++-------
Melee: War axe           |   100 |   146 |   136 ||   382
 Fire: Hunting sling     |       |    48 |    51 ||    99
 Abil: Heal Wounds       |       |     1 |     2 ||     3
Evoke: Wand              |       |     4 |    14 ||    18
  Use: Potion            |     1 |     2 |       ||     3
       Scroll            |       |     5 |       ||     5
Armor: Scale mail        |     5 |       |       ||     5
       Chain mail        |    44 |    73 |    74 ||   191
Dodge: Dodged            |    24 |    26 |    36 ||    86
Block: Kite shield       |    45 |    64 |    89 ||   198
